TOP OF THE 1ST |
Los Cabos Cartel batting - Pitching for Toronto Titans : RHP Arturo Medrano
|
Pitching: RHP Arturo Medrano
|
|
Batting: RHB Dan Mason
|
0-0: Ground out 5-3 (Groundball, 15S)
|
Batting: LHB Luis González
|
0-0: Bunt for hit - play at first, batter OUT! 1-3
|
Batting: SHB Julián Madrid
|
0-0: Called Strike 0-1: Called Strike 0-2: Ball 1-2: Ball 2-2: Foul Ball, location: 2F 2-2: Ball 3-2: Fly out, F9 (Flyball, 89M)
|
Top of the 1st over - 0 run(s), 0 hit(s), 0 error(s), 0 left on base; Los Cabos 0 - Toronto 0 |
BOTTOM OF THE 1ST |
Toronto Titans batting - Pitching for Los Cabos Cartel : RHP Dillon Nelson
|
Pitching: RHP Dillon Nelson
|
|
Batting: SHB Ryobe Yamamoto
|
0-0: Ball 1-0: Bunted foul 1-1: Ground out 6-3 (Groundball, 6M)
|
Batting: LHB Lewis Barr
|
0-0: Ball 1-0: Called Strike 1-1: Foul Ball, location: 2F 1-2: Foul Ball, location: 2F 1-2: Foul Ball, location: 2F 1-2: Foul Ball, location: 2F 1-2: Strikes out looking
|
Batting: LHB Jorge Martínez
|
0-0: Ball 1-0: Foul Ball, location: 2F 1-1: Ball 2-1: Foul Ball, location: 2F 2-2: Foul Ball, location: 2F 2-2: Ground out 6-3 (Groundball, 6M)
|
Bottom of the 1st over - 0 run(s), 0 hit(s), 0 error(s), 0 left on base; Los Cabos 0 - Toronto 0 |
TOP OF THE 2ND |
Los Cabos Cartel batting - Pitching for Toronto Titans : RHP Arturo Medrano
|
Batting: LHB Marc Brown
|
0-0: Ball 1-0: Ball 2-0: SINGLE (Line Drive, 6M)
|
Batting: RHB Stephen Wilson
|
0-0: Called Strike 0-1: Ball Marc Brown is caught stealing 2nd base 1-1: Ball 2-1: Foul Ball, location: 2F 2-2: SOLO HOME RUN (Flyball, 7D), Distance : 360 ft
|
Batting: LHB Manny Quiñones
|
0-0: Ball 1-0: Called Strike 1-1: Foul Ball, location: 2F 1-2: Ball 2-2: Foul Ball, location: 2F 2-2: Strikes out swinging
|
Batting: RHB Sam Wallace
|
0-0: Ball 1-0: Ground out U3 (Groundball, 3S)
|
Top of the 2nd over - 1 run(s), 2 hit(s), 0 error(s), 0 left on base; Los Cabos 1 - Toronto 0 |
BOTTOM OF THE 2ND |
Toronto Titans batting - Pitching for Los Cabos Cartel : RHP Dillon Nelson
|
Batting: LHB José Rodríguez
|
0-0: Called Strike 0-1: Swinging Strike 0-2: Strikes out looking
|
Batting: LHB Anacleto Morillo
|
0-0: Ball 1-0: Fly out, F6 (Popup, 6S)
|
Batting: RHB Gilberto López
|
0-0: Swinging Strike 0-1: Ground out 6-3 (Groundball, 6S)
|
Bottom of the 2nd over - 0 run(s), 0 hit(s), 0 error(s), 0 left on base; Los Cabos 1 - Toronto 0 |
TOP OF THE 3RD |
Los Cabos Cartel batting - Pitching for Toronto Titans : RHP Arturo Medrano
|
Batting: LHB José Rivas
|
0-0: Ball 1-0: Foul Ball, location: 2F 1-1: Called Strike 1-2: Ground out 1-3 (Groundball, 13)
|
Batting: RHB Oliver Lugo
|
0-0: Ball 1-0: Ground out 5-3 (Groundball, 5S)
|
Batting: RHB Dan Mason
|
0-0: Ball 1-0: Called Strike 1-1: Ball 2-1: Ball 3-1: Base on Balls
|
Batting: LHB Luis González
|
0-0: Ball 1-0: Foul Ball, location: 2F 1-1: Ball 2-1: Ground out U3 (Groundball, 3L)
|
Top of the 3rd over - 0 run(s), 0 hit(s), 0 error(s), 1 left on base; Los Cabos 1 - Toronto 0 |
BOTTOM OF THE 3RD |
Toronto Titans batting - Pitching for Los Cabos Cartel : RHP Dillon Nelson
|
Batting: LHB Kent MacDulothe
|
0-0: Ground out 5-3 (Groundball, 5S)
|
Batting: RHB Matt Doyle
|
0-0: Ball 1-0: Ball 2-0: Swinging Strike 2-1: Ball 3-1: Base on Balls
|
Batting: RHB Manuel González
|
0-0: Foul Ball, location: 2F 0-1: Grounds into double play, 3-6-3 (Groundball, 3)
|
Bottom of the 3rd over - 0 run(s), 0 hit(s), 0 error(s), 0 left on base; Los Cabos 1 - Toronto 0 |
TOP OF THE 4TH |
Los Cabos Cartel batting - Pitching for Toronto Titans : RHP Arturo Medrano
|
Batting: SHB Julián Madrid
|
0-0: Called Strike 0-1: Ball 1-1: Ball 2-1: DOUBLE (Flyball, 78D)
|
Batting: LHB Marc Brown
|
0-0: Ball 1-0: Fly out, F7 (Flyball, 7LD) Runner from 2nd tags up, SAFE at 3rd, no throw
|
Batting: RHB Stephen Wilson
|
0-0: Ball 1-0: Ball 2-0: Fly out, F9 (Flyball, 89M) Runner from 3rd tags up, SCORES, throw made
|
Batting: LHB Manny Quiñones
|
0-0: Ball 1-0: Ground out 3-1 (Groundball, 34)
|
Top of the 4th over - 1 run(s), 1 hit(s), 0 error(s), 0 left on base; Los Cabos 2 - Toronto 0 |
BOTTOM OF THE 4TH |
Toronto Titans batting - Pitching for Los Cabos Cartel : RHP Dillon Nelson
|
Batting: SHB Ryobe Yamamoto
|
0-0: Foul Ball, location: 2F 0-1: SINGLE (Popup, 4D)
|
Batting: LHB Lewis Barr
|
0-0: Ball 1-0: SINGLE (Line Drive, 6MD) Ryobe Yamamoto to second
|
Batting: LHB Jorge Martínez
|
0-0: Swinging Strike 0-1: Foul Ball, location: 2F 0-2: Ball 1-2: Ball 2-2: Ball 3-2: DOUBLE (Line Drive, 9LS) Ryobe Yamamoto scores Lewis Barr to third Runner from 3rd tries for Home, SAFE, no throw or cutoff
|
Batting: LHB José Rodríguez
|
0-0: Called Strike 0-1: Ball 1-1: Foul Ball, location: 2F 1-2: Strikes out swinging
|
Batting: LHB Anacleto Morillo
|
0-0: Ball 1-0: Called Strike 1-1: Ball 2-1: Ball 3-1: Base on Balls
|
Batting: RHB Gilberto López
|
0-0: Called Strike Jorge Martínez steals 3rd base Anacleto Morillo to second 0-1: Foul Ball, location: 2F 0-2: Ball 1-2: DOUBLE (Line Drive, 78M) Jorge Martínez scores Anacleto Morillo scores
|
Batting: LHB Kent MacDulothe
|
0-0: Called Strike 0-1: SINGLE (Line Drive, 34D) Gilberto López to third Runner from 3rd tries for Home, SAFE, no throw or cutoff
|
Batting: RHB Matt Doyle
|
0-0: Called Strike 0-1: Ball 1-1: Ball 2-1: Swinging Strike 2-2: Foul Ball, location: 2F 2-2: Hit by Pitch Kent MacDulothe to second
|
Batting: RHB Manuel González
|
0-0: SINGLE (Groundball, 56) Kent MacDulothe to third Matt Doyle to second Runner from 3rd tries for Home, SAFE, no throw or cutoff
|
Batting: SHB Ryobe Yamamoto
|
0-0: Called Strike 0-1: Ball 1-1: Ball 2-1: Ball 3-1: Fly out, F9 (Flyball, 9D) Runner from 2nd tags up, SAFE at 3rd, no throw
|
Batting: LHB Lewis Barr
|
0-0: Called Strike 0-1: Foul Ball, location: 2F 0-2: Fly out, F8 (Flyball, 8LM)
|
Bottom of the 4th over - 6 run(s), 6 hit(s), 0 error(s), 2 left on base; Los Cabos 2 - Toronto 6 |
TOP OF THE 5TH |
Los Cabos Cartel batting - Pitching for Toronto Titans : RHP Arturo Medrano
|
Batting: RHB Sam Wallace
|
0-0: Ground out 5-3 (Groundball, 5L)
|
Batting: LHB José Rivas
|
0-0: Called Strike 0-1: Ball 1-1: SINGLE (Flyball, 7S)
|
Batting: RHB Oliver Lugo
|
0-0: Called Strike 0-1: Ball Wild Pitch! José Rivas to second 1-1: Foul Ball, location: 2F 1-2: Ground out 1-3 (Groundball, 15)
|
Batting: RHB Dan Mason
|
0-0: Called Strike 0-1: Foul Ball, location: 2F 0-2: Ball 1-2: Ball 2-2: Foul Ball, location: 2F 2-2: Foul Ball, location: 2F 2-2: SINGLE (Line Drive, 8LS) José Rivas to third Runner from 3rd tries for Home, throw and OUT!
|
Top of the 5th over - 0 run(s), 2 hit(s), 0 error(s), 1 left on base; Los Cabos 2 - Toronto 6 |
BOTTOM OF THE 5TH |
Toronto Titans batting - Pitching for Los Cabos Cartel : RHP Dillon Nelson
|
Batting: LHB Jorge Martínez
|
0-0: Ball 1-0: Ball 2-0: Called Strike 2-1: Ball 3-1: Base on Balls
|
Batting: LHB José Rodríguez
|
0-0: Ball 1-0: Called Strike 1-1: Ball 2-1: Foul Ball, location: 2F 2-2: Ball 3-2: Base on Balls Jorge Martínez to second
|
Batting: LHB Anacleto Morillo
|
0-0: Ball 1-0: Ball 2-0: Foul Ball, location: 2F 2-1: SINGLE (Groundball, 34D) (infield hit) Jorge Martínez to third José Rodríguez to second
|
Batting: RHB Gilberto López
|
0-0: Called Strike 0-1: Fly out, F7 (Flyball, 78M) Runner from 3rd tags up, SCORES, throw made
|
Pitching: RHP Pedro Hernández
|
|
Batting: LHB Kent MacDulothe
|
0-0: Called Strike 0-1: Ball 1-1: Grounds out, U3 (Groundball, 3L) José Rodríguez to third
|
Batting: RHB Matt Doyle
|
0-0: Ball 1-0: Called Strike 1-1: Ball 2-1: Called Strike 2-2: Ball 3-2: Base on Balls
|
Batting: RHB Manuel González
|
0-0: Called Strike 0-1: Ball 1-1: Swinging Strike 1-2: Ball 2-2: SINGLE (Line Drive, 6) José Rodríguez scores Anacleto Morillo to third Matt Doyle to second Runner from 3rd tries for Home, SAFE, no throw or cutoff
|
Batting: SHB Ryobe Yamamoto
|
0-0: Ball 1-0: Ball 2-0: Ball 3-0: Called Strike 3-1: 3-RUN HOME RUN (Flyball, 89XD), Distance : 394 ft
|
Batting: LHB Lewis Barr
|
0-0: Called Strike 0-1: Fly out, F7 (Popup, 5D)
|
Bottom of the 5th over - 6 run(s), 3 hit(s), 0 error(s), 0 left on base; Los Cabos 2 - Toronto 12 |
TOP OF THE 6TH |
Los Cabos Cartel batting - Pitching for Toronto Titans : RHP Arturo Medrano
|
Batting: LHB Luis González
|
0-0: Called Strike 0-1: Called Strike 0-2: Ball 1-2: Fly out, F7 (Flyball, 78M)
|
Batting: SHB Julián Madrid
|
0-0: Ball 1-0: Ball 2-0: Called Strike 2-1: Ball 3-1: Called Strike 3-2: Foul Ball, location: 2F 3-2: Foul Ball, location: 2F 3-2: Strikes out looking
|
Batting: LHB Marc Brown
|
0-0: Called Strike 0-1: Ground out 1-3 (Groundball, 25)
|
Top of the 6th over - 0 run(s), 0 hit(s), 0 error(s), 0 left on base; Los Cabos 2 - Toronto 12 |
BOTTOM OF THE 6TH |
Toronto Titans batting - Pitching for Los Cabos Cartel : RHP Pedro Hernández
|
Pitching: RHP Juan Velázquez
|
|
Batting: LHB Jorge Martínez
|
0-0: Ball 1-0: Ball 2-0: Foul Ball, location: 2F 2-1: Ball 3-1: Foul Ball, location: 2F 3-2: Base on Balls
|
Batting: LHB José Rodríguez
|
Balk! Jorge Martínez to second 0-0: Called Strike 0-1: Ball 1-1: Ground out 4-3 (Groundball, 4) Jorge Martínez to third
|
Batting: LHB Anacleto Morillo
|
0-0: Called Strike 0-1: Ball 1-1: Swinging Strike 1-2: Ball 2-2: Strikes out swinging
|
Batting: RHB Gilberto López
|
0-0: SINGLE (Line Drive, 56) Jorge Martínez scores
|
Batting: LHB Kent MacDulothe
|
0-0: Ball 1-0: Called Strike 1-1: Ball 2-1: Fielders Choice at 2nd, 6-4 (Groundball, 6MS)
|
Bottom of the 6th over - 1 run(s), 1 hit(s), 0 error(s), 0 left on base; Los Cabos 2 - Toronto 13 |
TOP OF THE 7TH |
Los Cabos Cartel batting - Pitching for Toronto Titans : RHP Arturo Medrano
|
Batting: RHB Stephen Wilson
|
0-0: Ball 1-0: Swinging Strike 1-1: Ball 2-1: Foul Ball, location: 2F 2-2: Ball 3-2: Fly out, F8 (Flyball, 8LD)
|
Batting: LHB Manny Quiñones
|
0-0: Ball 1-0: SOLO HOME RUN (Flyball, 89XD), Distance : 396 ft
|
Batting: RHB Sam Wallace
|
0-0: Called Strike 0-1: Fly out, F8 (Flyball, 8LXD)
|
Pinch Hitting: RHB Víctor Solano
|
0-0: Ball 1-0: Foul Ball, location: 2F 1-1: Ball 2-1: Foul Ball, location: 2F 2-2: Foul Ball, location: 2F 2-2: Ball 3-2: Foul Ball, location: 2F 3-2: Strikes out swinging
|
Top of the 7th over - 1 run(s), 1 hit(s), 0 error(s), 0 left on base; Los Cabos 3 - Toronto 13 |
BOTTOM OF THE 7TH |
Toronto Titans batting - Pitching for Los Cabos Cartel : RHP Juan Velázquez
|
Now in RF: Víctor Solano
|
|
Batting: RHB Matt Doyle
|
0-0: Foul Ball, location: 2F 0-1: Ball 1-1: Swinging Strike 1-2: Ball 2-2: Strikes out swinging
|
Batting: RHB Manuel González
|
0-0: Called Strike 0-1: Ball 1-1: Ground out 4-3 (Groundball, 34)
|
Batting: SHB Ryobe Yamamoto
|
0-0: Called Strike 0-1: Foul Ball, location: 2F 0-2: Ball 1-2: Ball 2-2: SINGLE (Groundball, 4MD)
|
Batting: LHB Lewis Barr
|
0-0: Ball 1-0: Foul Ball, location: 2F 1-1: DOUBLE (Flyball, 78XD) Ryobe Yamamoto to third Runner from 3rd tries for Home, throw and OUT!
|
Bottom of the 7th over - 0 run(s), 2 hit(s), 0 error(s), 1 left on base; Los Cabos 3 - Toronto 13 |
TOP OF THE 8TH |
Los Cabos Cartel batting - Pitching for Toronto Titans : RHP Arturo Medrano
|
Pitching: LHP Braydon Schute
|
|
Now at C: Cris Fuentes
|
|
Now at SS: Alberto Velásquez
|
|
Batting: RHB Oliver Lugo
|
0-0: Ball 1-0: Fly out, F6 (Popup, 6MD)
|
Batting: RHB Dan Mason
|
0-0: Ball 1-0: Called Strike 1-1: Ball 2-1: Ball 3-1: Called Strike 3-2: Strikes out swinging
|
Batting: LHB Luis González
|
0-0: Foul Ball, location: 2F 0-1: Foul Ball, location: 2F 0-2: Strikes out swinging
|
Top of the 8th over - 0 run(s), 0 hit(s), 0 error(s), 0 left on base; Los Cabos 3 - Toronto 13 |
BOTTOM OF THE 8TH |
Toronto Titans batting - Pitching for Los Cabos Cartel : RHP Juan Velázquez
|
Pitching: LHP Steve Haynes
|
|
Batting: RHB Alberto Velásquez
|
0-0: Ball 1-0: Ball 2-0: Ball 3-0: Called Strike 3-1: Ground out 6-3 (Groundball, 6)
|
Batting: LHB José Rodríguez
|
0-0: Called Strike 0-1: Ball 1-1: Foul Ball, location: 2F 1-2: Ground out 2-3 (Groundball, 23)
|
Batting: LHB Anacleto Morillo
|
0-0: Ball 1-0: Called Strike 1-1: Called Strike 1-2: Ball 2-2: Ball 3-2: Foul Ball, location: 2F 3-2: Ground out 5-3 (Groundball, 56S)
|
Bottom of the 8th over - 0 run(s), 0 hit(s), 0 error(s), 0 left on base; Los Cabos 3 - Toronto 13 |
TOP OF THE 9TH |
Los Cabos Cartel batting - Pitching for Toronto Titans : LHP Braydon Schute
|
Batting: SHB Julián Madrid
|
0-0: Called Strike 0-1: Foul Ball, location: 2F 0-2: Ball 1-2: Ground out 1-3 (Groundball, 15)
|
Batting: LHB Marc Brown
|
Reached via error on a dropped throw, E3
|
Batting: RHB Stephen Wilson
|
0-0: Foul Ball, location: 2F 0-1: Ball 1-1: Foul Ball, location: 2F 1-2: Ball 2-2: Fly out, F7 (Flyball, 7M)
|
Pitching: RHP David Lester
|
|
Pinch Hitting: RHB Edgardo Madrid
|
0-0: Ball 1-0: Ground out 1-3 (Groundball, 13)
|
Top of the 9th over - 0 run(s), 0 hit(s), 1 error(s), 1 left on base; Los Cabos 3 - Toronto 13 |
|